 Dungeon Crawl Stone Soup version 0.29-a0-96-g93358da72b (webtiles) character file.

Game seed: 14825997286032069099

158 soldano the Skirmisher (level 5, -2/63 HPs)
             Began as a Demonspawn Abyssal Knight on Feb 10, 2022.
             Was a Believer of Lugonu.
             Slain by a goblin (4 damage)
             ... led by Robin
             ... on level 4 of the Dungeon.
             The game lasted 00:19:07 (1890 turns).

soldano the Skirmisher (Demonspawn Abyssal Knight)  Turns: 1890, Time: 00:19:07

Health: -2/63      AC:  9    Str: 16    XL:     5   Next: 16%
Magic:  7/7        EV: 11    Int: 11    God:    Lugonu [**....]
Gold:   107        SH:  0    Dex: 13    Spells: 3/4 levels left

rFire   + . .      SeeInvis .   a - +1 falchion
rCold   x . .      Faith    .   (no shield)
rNeg    . . .      Spirit   .   j - +0 ring mail
rPois   .          Reflect  .   (no helmet)
rElec   .          Harm     .   (no cloak)
rCorr   .          Rampage  .   (no gloves)
Will    .....                   (no boots)
Stlth   ..........              (no amulet)
HPRegen 0.20/turn               c - ring of fire
MPRegen 0.10/turn               f - +4 ring of protection

@: berserking, very quick
A: powered by pain 2
a: Renounce Religion, Depart the Abyss, Bend Space


You were on level 4 of the Dungeon.
You worshipped Lugonu.
Lugonu was pleased with you.
You visited 1 branch of the dungeon, and saw 4 of its levels.
You visited the Abyss 1 time.

You collected 107 gold pieces.

Inventory:

Hand Weapons
 a - a +1 falchion (weapon)
Armour
 b - a +0 leather armour
 d - a +0 leather armour
 j - a +0 ring mail (worn)
Jewellery
 c - a ring of fire (left hand)
 f - a +4 ring of protection (right hand)
Scrolls
 e - 3 scrolls of identify {unknown}
 g - 2 scrolls of fog {unknown}
Potions
 h - a potion of resistance {unknown}


   Skills:
 + Level 3.8 Fighting
 + Level 3.1 Long Blades
 + Level 2.5 Armour
 + Level 1.9 Dodging
 + Level 0.5 Stealth
 + Level 3.0 Invocations


You had 3 spell levels left.
You knew the following spells:

 Your Spells              Type           Power      Damage    Failure   Level
a - Apportation           Tloc           0%         N/A       54%         1

Your spell library contained the following spells:

 Spells                   Type           Power      Damage    Failure   Level
 Ozocubu's Armour         Ice            0%         N/A       89%         3
 Alistair's Intoxication  Tmut/Pois      0%         N/A       100%        5
 Ozocubu's Refrigeration  Ice            0%         4d5       100%        7


Dungeon Overview and Level Annotations

Branches:
Dungeon (4/15)
 Temple: D:4-7

Altars:

Annotations:
D:4 Robin


Innate Abilities, Weirdness & Mutations

You sometimes gain power by taking damage.


Message History

The goblin hits you with a +0 club.
You closely miss the goblin.
The goblin no longer looks unusually strong.
Robin roars a battlecry!
The goblins go into a battle-frenzy!
The goblin hits you with a +0 club.
* * * LOW HITPOINT WARNING * * *
The goblin misses you. The goblin hits you with a +0 club.
* * * LOW HITPOINT WARNING * * *
You fail to use your ability.
Robin throws the goblin at you! The goblin misses you.
The goblin hits you but does no damage. x2
The goblin closely misses you. Space bends around you!
You blink.
The goblin unwields a +0 club.
The goblin wields a +0 hunting sling.
The goblin shoots a stone.
The stone closely misses you.
The goblin no longer looks unusually strong.
The goblin shoots a stone.
The stone barely misses you.
Robin roars a battlecry!
The goblins go into a battle-frenzy!
The goblin barely misses you.
Robin says, "My army is invincible!"
The goblin hits you with a +0 dagger.
* * * LOW HITPOINT WARNING * * *
You barely miss the goblin. The goblin hits you with a +0 dagger.
* * * LOW HITPOINT WARNING * * *
You barely miss the goblin.
The goblin no longer looks unusually strong.
Robin roars a battlecry!
The goblins go into a battle-frenzy!
The goblin hits you with a +0 club.
* * * LOW HITPOINT WARNING * * *
The goblin hits you but does no damage.
You aren't in the Abyss!
It was a potion of berserk rage.
A red film seems to cover your vision as you go berserk!
You feel yourself moving faster!
You feel mighty!
The goblin hits you but does no damage. x2
Okay, then.
You barely miss the goblin. The goblin hits you with a +0 club.
You die...

#.# #.# #.#
#.# ##.######
#.......#
#..####.# #.g#
#.# #@## #.#
#g#####.#
#gg...#.#
#gg...#.#
#.....#.# .
#.....#<# ...
#.....###.....
#.....')......
##....##.g....


You could see Robin, a hobgoblin (strong) and 4 goblins.

Vanquished Creatures
  An orc priest (D:3)
  An orc wizard (D:3)
  2 adders
  An ufetubus (D:2)
  A worm (D:3)
  2 dart slugs (D:2)
  7 orcs (D:3)
  5 ball pythons
  5 bats (D:1)
  8 endoplasms
  6 goblins
  5 hobgoblins
  3 jackals (D:2)
  6 kobolds
  3 quokkas
  4 frilled lizards
  3 rats
63 creatures vanquished.

Vanquished Creatures (others)
  A fungus (D:3)
  6 plants (D:3)
7 creatures vanquished.

Grand Total: 70 creatures vanquished

Notes
Turn   | Place    | Note
-------+----------+-------------------------------------------
     0 | Abyss:1  | soldano the Demonspawn Abyssal Knight began the quest for
                  | the Orb.
     0 | Abyss:1  | Reached XP level 1. HP: 18/18 MP: 2/2
    18 | D:1      | Escaped the Abyss
   207 | D:1      | Gained mutation: You sometimes gain a little power by
                  | taking damage. [demonic ancestry]
   207 | D:1      | Reached XP level 2. HP: 21/24 MP: 4/4
   349 | D:1      | Reached skill level 1 in Dodging
   703 | D:2      | Reached ** piety under Lugonu
   780 | D:2      | Reached XP level 3. HP: 18/29 MP: 5/5
  1372 | D:3      | Gained mutation: You sometimes gain power by taking damage.
                  | [demonic ancestry]
  1372 | D:3      | Reached XP level 4. HP: 29/37 MP: 6/6
  1522 | D:3      | Learned a level 1 spell: Apportation
  1715 | D:3      | Reached XP level 5. HP: 14/42 MP: 7/7
  1857 | D:4      | Noticed Robin
  1886 | D:4      | HP: 2/42 [goblin[Robin] (5)]
  1890 | D:4      | Slain by a goblin

Illustrated notes

Levels and vault maps discovered:
D:1:      nzn_arrival_water_spiral, layout_basic
D:2:      layout_loops_cross
D:3:      layout_loops_ring, dreamdust_ecumenical_altar_hidden_monk_grotto,
          kennysheep_generic_room_4
D:4:      layout_basic, elyvilon_altar_4, uniq_menkaure, uniq_robin

Skill      XL: |  1  2  3  4 |
---------------+-------------+-----
Long Blades    | 2 3 |  3.1
Dodging        | 1 |  1.9
Armour         | 2 |  2.5
Invocations    | 3 |  3.0
Fighting       | |  3.8
Stealth        | |  0.5

Action                   |  1- 3 |  4- 6 || total
-------------------------+-------+-------++-------
Melee: Falchion          |   112 |    96 ||   208
       Punch             |     5 |     1 ||     6
 Cast: Apportation       |       |     2 ||     2
Invok: Bend Space        |       |     1 ||     1
  Use: Potion            |       |     1 ||     1
 Stab: Sleeping          |     1 |       ||     1
Armor: Leather armour    |    39 |       ||    39
       Ring mail         |     2 |    62 ||    64
Dodge: Dodged            |    96 |    54 ||   150

Table legend: (Time is in decaauts)
 A = Elapsed time spent in this place.
 B = Non-inter-level travel time spent in this place.
 C = Inter-level travel time spent in this place.
 D = Time resting spent in this place.
 E = Time spent auto-exploring this place.
 F = Levels seen in this place.
 G = Mean time per level.
                   A        B        C        D        E       F      G
               +--------+--------+--------+--------+--------+-----+--------+
         Total |   1928 |   1928 |      0 |      0 |      0 |   5 |  385.6 |
       Dungeon |   1910 |   1910 |      0 |      0 |      0 |   4 |  477.5 |
         Abyss |     18 |     18 |      0 |      0 |      0 |   1 |   18.0 |
               +--------+--------+--------+--------+--------+-----+--------+

Top non-repeatable levels by time:
     D:2: 706 daAuts
     D:1: 657 daAuts
     D:3: 476 daAuts
     D:4: 69 daAuts
 Abyss:1: 18 daAuts
